Map: Blackrock LE

Players

Halo - Winner!

  • Race: Zerg Zerg

A.I. 1 (Elite)

  • Race: Zerg Zerg

VOD

Have the link to the VOD?

Description

Time

  • Played on: Aug. 15, 2026, 1:51 p.m.
  • Length: 7:32
Show
View Real Time Build Order
Export as new Build Order

Halo Zerg - Winner!

Build Orders: Pool First 

Get SALT Encoding   

  8  0:00  Drone  
  9  0:12  Drone  
  10  0:17  Drone  
  11  0:22  Drone  
  12  0:33  Overlord  
  12  0:40  Extractor, Drone  
  13  0:52  Drone x2  
  15  1:02  Drone  
  16  1:10  Spawning Pool  
  15  1:14  Drone  
  16  1:22  Drone  
  17  1:40  Hatchery  
  17  1:44  Drone  
  17  1:47  Extractor  
  17  1:49  Drone  
  17  2:02  Zergling x4  
  17  2:07  Roach Warren  
  18  2:11  Drone  
  19  2:21  Drone  
  20  2:32  Overlord  
  20  2:52  Roach  
  20  2:53  Roach  
  26  2:58  Roach  
  26  3:03  Roach  
  27  3:11  Roach  
  28  3:16  Overlord  
  28  3:17  Overlord  
  28  3:18  Queen  
  30  3:54  Drone x6  
  36  3:59  Queen  
  38  4:07  Drone x2  
  40  4:31  Overlord x2  
  40  4:32  Overlord  
  40  4:44  Drone x6  
  46  4:50  Lair, Extractor  
  45  5:20  Drone x4  
  45  5:21  Drone x3  
  52  5:37  Roach  
  52  5:38  Roach x5  
  64  5:52  Drone x2  
  64  5:54  Infestation Pit, Hydralisk Den  
  62  6:05  Extractor  
  62  6:08  Drone  
  62  6:10  Drone x2, Extractor  
  62  6:11  Drone x2  
  63  6:12  Drone x3  
  66  6:40  Drone  
  66  6:41  Drone  
  66  6:43  Evolution Chamber x2  
  66  6:48  Drone  
  67  6:55  Drone  
  67  6:56  Hydralisk x2  
  67  6:57  Hatchery  
  67  7:00  Hatchery  
  70  7:23  Ravager x2  
Show
View Real Time Build Order
Export as new Build Order

A.I. 1 (Elite) Zerg 

Build Orders: Pool First 

Get SALT Encoding   

  8  0:00  Drone  
  9  0:11  Drone  
  10  0:16  Drone  
  11  0:21  Drone  
  12  0:33  Overlord  
  12  0:51  Drone x3  
  15  1:01  Drone  
  16  1:11  Drone  
  17  1:16  Spawning Pool  
  16  1:21  Drone  
  17  1:40  Hatchery  
  17  1:42  Drone  
  17  1:45  Extractor  
  16  1:47  Drone  
  16  1:51  Extractor  
  16  1:54  Drone  
  16  2:00  Drone  
  18  2:10  Drone  
  19  2:20  Overlord  
  19  2:37  Queen  
  19  2:38  Zergling x2  
  19  2:40  Drone  
  23  2:52  Zergling x4  
  24  3:00  Drone  
  24  3:01  Drone  
  23  3:10  Drone  
  23  3:12  Drone  
  25  3:29  Queen  
  25  3:32  Drone  
  28  3:36  Drone  
  29  3:41  Drone  
  29  3:45  Drone  
  31  3:57  Roach Warren  
  31  4:00  Drone  
  31  4:05  Drone  
  31  4:11  Overlord  
  31  4:14  Zergling x2  
  30  4:17  Zergling x2  
  30  4:21  Zergling x2  
  30  4:23  Zergling x2  
  30  4:29  Zergling x2  
  27  4:34  Zergling x2  
  25  4:40  Zergling x2  
  25  4:47  Zergling x2  
  26  4:54  Roach  
  27  5:00  Zergling x2  
  25  5:08  Roach  
  23  5:28  Queen  
  20  5:34  Zergling x2  
  19  5:38  Zergling x2  
  20  5:47  Roach  
  22  5:54  Roach  
  18  6:19  Spawning Pool  
  15  6:26  Drone  
  15  6:32  Drone  
  15  6:39  Drone  
  16  7:07  Zergling x2  
  17  7:15  Zergling x2  
Tags
 
Add a new tag
Caveats
  • Supply blocks, unpowered buildings, or Contaminate may cause inaccurate times.
  • Supply counts are checked every 10 seconds.